 Dungeon Crawl Stone Soup version 0.31.0-11-ge490571c62 (webtiles) character file.

Game seed: 4618728128257654081

923 dialectric the Cudgeller (level 7, -8/61 HPs)
             Began as a Minotaur Fighter on Jan 27, 2024.
             Mangled by a two-headed ogre
             ... wielding a +0 giant spiked club
              (27 damage)
             ... on level 5 of the Dungeon.
             The game lasted 00:04:38 (4081 turns).

dialectric the Cudgeller (Minotaur Fighter)         Turns: 4081, Time: 00:04:38

Health: -8/61      AC: 11    Str: 26    XL:     7   Next: 84%
Magic:  6/6        EV: 11    Int:  5    God:
Gold:   109        SH:  0    Dex: 12    Spells: 6/6 levels left

rFire   + + .        t - +4 whip of Butchery {elec, rC+ Str+4 Dex+2}
rCold   . . .        (no shield)
rNeg    . . .        n - +0 fire dragon scales
rPois   .            (helmet restricted)
rElec   .            (no cloak)
rCorr   .            p - +0 pair of gloves
SInv    .            (no boots)
Will    .....        (no amulet) Stlth
                     (no ring)
HPRegen 0.30/turn    (no ring)
MPRegen 0.10/turn

%: no passive effects
@: no status effects
A: horns 2, retaliatory headbutt
a: no special abilities


You were on level 5 of the Dungeon.
You visited 1 branch of the dungeon, and saw 5 of its levels.

You collected 274 gold pieces.
You spent 165 gold pieces at shops.

Inventory:

Hand Weapons
 a - a +0 flail
 t - the +4 whip of Butchery (weapon) {elec, rC+ Str+4 Dex+2}
   (You bought it in a shop on level 2 of the Dungeon)

   Str+4:     It affects your strength (+4).
   Dex+2:     It affects your dexterity (+2).
   rC+:       It protects you from cold.
Missiles
 h - 6 poisoned darts (quivered)
Armour
 b - a +0 scale mail
 e - a +0 buckler
 n - +0 fire dragon scales (worn)
 p - a +0 pair of gloves (worn)
Jewellery
 v - a ring of protection from fire
Wands
 u - a wand of flame (26)
 x - a wand of iceblast (3)
Scrolls
 c - 2 scrolls of fog {unknown}
 f - a scroll of revelation {unknown}
 g - 8 scrolls of identify {unknown}
 k - a scroll of teleportation {unknown}
 l - a scroll of immolation {unknown}
 m - a scroll of summoning {unknown}
 q - 2 scrolls of fear {unknown}
 w - a scroll of vulnerability {unknown}
 y - a scroll of enchant weapon {unknown}
Potions
 d - 5 potions of might
 i - a potion of curing {unknown}
 j - 2 potions of enlightenment {unknown}
 o - a potion of lignification {unknown}
 r - a potion of berserk rage {unknown}
 s - 2 potions of heal wounds {unknown}


   Skills:
 - Level 5.0 Fighting
 + Level 7.6 Maces & Flails
 + Level 7.1 Armour
 - Level 3.0 Dodging
 - Level 3.6 Shields


You had 6 spell levels left.
You didn't know any spells.
Your spell library contained the following spells:

 Spells                   Type           Power      Damage    Failure   Level
 Apportation              Tloc           0%         N/A       78%         1
 Magic Dart               Conj           0%         1d3       78%         1
 Necrotise                Necr           0%         1d4       78%         1
 Sting                    Conj/Alch      0%         1d3       78%         1
 Summon Small Mammal      Summ           0%         N/A       78%         1
 Blink                    Tloc           0%         N/A       89%         2
 Lesser Beckoning         Tloc           0%         N/A       89%         2
 Momentum Strike          Conj/Tloc      0%         3d8       89%         2
 Searing Ray              Conj           0%         2d4       89%         2
 Hailstorm                Conj/Ice       0%         3d5       98%         3
 Summon Ice Beast         Ice/Summ       0%         N/A       98%         3
 Fulminant Prism          Conj/Alch      0%         3d5       100%        4
 Summon Forest            Summ/Tloc      0%         N/A       100%        5
 Summon Mana Viper        Hex/Summ       0%         N/A       100%        5
 Sculpt Simulacrum        Ice/Alch       0%         N/A       100%        6
 Summon Cactus Giant      Summ           0%         N/A       100%        6


Dungeon Overview and Level Annotations

Branches:
Dungeon (5/15)
 Temple: D:4-7

Altars:

Shops:
D:2 *([:[   D:3 =


Innate Abilities, Weirdness & Mutations

You have a pair of horns on your head.
You reflexively headbutt those who attack you in melee.


Message History

x - a wand of iceblast (3)
There is an open door here.
Key pressed, stopping explore.
No target in view!
You open the door.
An adder comes into view.
The adder hisses angrily.
Found a scroll labelled JAGAICK SUZIMM.
There is an open door here.
An adder is nearby!
You miss the adder. The adder barely misses you.
You whack the adder! You headbutt the adder.
You kill the adder!
No target in view!
No target in view!
No target in view!
No target in view!
No target in view!
No target in view!
You see here an adder corpse.
y - a scroll labelled JAGAICK SUZIMM You see here an adder corpse.
There is an open door here.
You open the door.
A two-headed ogre comes into view.
It is wielding a +0 giant spiked club and a +0 giant club.
The two-headed ogre shouts in stereo!
Found 2 stones.
There is an open door here.
A two-headed ogre is nearby!
The two-headed ogre hits you with a +0 giant spiked club!!
The two-headed ogre hits you with a +0 giant club!
A two-headed ogre is nearby!
A two-headed ogre is nearby!
You are too injured to fight recklessly!
You are too injured to fight recklessly!
Unknown command.
There is an open door here.
The two-headed ogre attacks as it pursues you!
The two-headed ogre hits you with a +0 giant spiked club!!
You die...

##...## ##...## ##
##.....###.....######
#...(...#.......##...
#.......#.......##.##
#.......#.......##.##
#.....###.....##....
#...# ##.†.####.##
#######O#######'#####.##
.......@...........#...#
.......................#
...................#...#
#######+#######'####...#
##...##.....
##.....##....
#.......#....
#.......#...#
#.......#...#


You could see a two-headed ogre.

Vanquished Creatures
  An ice beast (D:5)
  A black bear (D:3)
  An ogre (D:5)
  3 phantoms (D:5)
  2 scorpions (D:4)
  A howler monkey (D:4)
  A crimson imp (D:5)
  A hound (D:4)
  2 iguanas (D:4)
  An orc wizard (D:3)
  3 adders
  A white imp (D:5)
  2 ufetubi (D:3)
  A ribbon worm (D:3)
  3 dart slugs
  3 orcs
  9 ball pythons
  5 bats
  6 endoplasms
  3 giant cockroaches
  6 goblins
  7 hobgoblins
  6 quokkas
  7 frilled lizards
  10 kobolds
  12 rats
98 creatures vanquished.

Notes
Turn   | Place    | Note
-------+----------+-------------------------------------------
     0 | D:1      | dialectric the Minotaur Fighter began the quest for the
                  | Orb.
     0 | D:1      | Reached XP level 1. HP: 19/19 MP: 0/0
   212 | D:1      | Reached XP level 2. HP: 25/27 MP: 1/1
   362 | D:1      | Reached skill level 1 in Dodging
   443 | D:1      | Reached XP level 3. HP: 31/33 MP: 2/2
   697 | D:2      | Found Opnarema's Antique Armour Emporium.
   920 | D:2      | Found Fudwyquwk's Antique Weapon Shop.
  1042 | D:2      | Found Wedejoipta's Vocational Training.
  1276 | D:2      | Found Muecoin's Armour Shop.
  1282 | D:2      | Found Zuosuez's General Store.
  1579 | D:3      | Noticed a black bear
  1585 | D:3      | Killed a black bear
  1586 | D:3      | Reached XP level 4. HP: 28/41 MP: 3/3
  1586 | D:3      | Reached XP level 5. HP: 32/47 MP: 4/4
  1809 | D:3      | You fall into a shaft and drop 1 floor!
  2037 | D:4      | Reached skill level 5 in Armour
  2154 | D:4      | Reached XP level 6. HP: 46/55 MP: 5/5
  2355 | D:4      | Reached skill level 5 in Maces & Flails
  2454 | D:4      | Reached skill level 5 in Fighting
  3327 | D:3      | Found Ommedob's Jewellery Shoppe.
  3351 | D:2      | Bought a translucent whip for 165 gold pieces
  3351 | D:2      | Identified the +4 whip of Butchery {elec, rC+ Str+4 Dex+2}
                  | (You bought it in a shop on level 2 of the Dungeon)
  3413 | D:5      | Entered Level 5 of the Dungeon
  3427 | D:5      | Reached XP level 7. HP: 61/61 MP: 6/6
  3459 | D:5      | Identified the +4 war axe of Valiance {antimagic, rElec
                  | Int-3 Dex+5 Stlth+}
  3976 | D:5      | Identified the +1 pair of gloves of the Hundredfold Wars
                  | {Rampage rN+ Dex+2}
  4077 | D:5      | Noticed a two-headed ogre
  4081 | D:5      | Mangled by a two-headed ogre

Illustrated notes

Levels and vault maps discovered:
D:1:      elethiomel_arrival_diamonds, layout_loops_ring
D:2:      layout_loops_corners, serial_shops, shop, nicolae_square_shop, shop,
          nicolae_shop_trees, dreamdust_wishing_well, nicolae_shop_vocational
D:3:      layout_loops_corners, serial_shops, shop, corexii_corridor_pit,
          serial_park_tiny_2
D:4:      layout_gridville, nicolae_elevator_lobby_plus
D:5:      kennysheep_six_static_rooms, layout_loops_cross,
          minmay_fire_ice_demons

Skill      XL: |  1  2  3  4  5  6  7 |
---------------+----------------------+-----
Fighting       | 4 5 |  5.0
Dodging        | 1 2 3 |  3.0
Armour         | 4 5 6 7 |  7.1
Maces & Flails | 3 4 6 7 |  7.6
Shields        | |  3.6

Action                     |  1- 3 |  4- 6 |  7- 9 || total
---------------------------+-------+-------+-------++-------
  Melee: Flail             |    96 |   127 |       ||   223
         Headbutt          |    15 |    12 |    10 ||    37
         Punch             |     4 |       |       ||     4
         Whip              |       |     3 |    45 ||    48
 Armour: Scale mail        |    77 |       |       ||    77
         Fire dragon scale |     9 |   107 |    18 ||   134
  Dodge: Dodged            |    68 |    64 |    20 ||   152
